 Dungeon Crawl Stone Soup version 0.31-a0-844-gdc52ec4e09 (webtiles) character file.

Game seed: 3006356675489238369

25 lonewolfV2 the Trooper (level 2, -9/24 HPs)
             Began as a Demonspawn Fighter on Sept 29, 2023.
             Killed by an exploding adder (28 damage)
             ... ignited by their inner flame
             ... on level 1 of the Dungeon.
             The game lasted 00:00:49 (902 turns).

lonewolfV2 the Trooper (Demonspawn Fighter)          Turns: 902, Time: 00:00:50

Health: -9/24      AC:  6    Str: 16    XL:     2   Next: 82%
Magic:  2/2        EV:  8    Int:  9    God:
Gold:   52         SH:  4    Dex: 12    Spells: 1/1 levels left

rFire   . . .        a - +0 war axe
rCold   . . .        c - +0 buckler
rNeg    . . .        b - +0 scale mail
rPois   .            (no helmet)
rElec   .            (no cloak)
rCorr   .            (no gloves)
SInv    .            (no boots)
Will    .....        (no amulet) Stlth
                     (no ring)
HPRegen 0.24/turn    (no ring)
MPRegen 0.08/turn

%: no passive effects
@: lethally poisoned (-9 -> -9)
A: claws 1
a: no special abilities


You were on level 1 of the Dungeon.
You visited 1 branch of the dungeon, and saw 2 of its levels.

You collected 52 gold pieces.

Inventory:

Hand Weapons
 a - a +0 war axe (weapon)
Armour
 b - a +0 scale mail (worn)
 c - a +0 buckler (worn)
Scrolls
 e - a scroll of immolation
Potions
 d - a potion of might


   Skills:
 + Level 3.3 Fighting
 + Level 2.2 Axes
 + Level 2.9 Armour
 + Level 0.1 Dodging
 + Level 2.9 Shields


You had one spell level left.
You didn't know any spells.
Your spell library was empty.

Dungeon Overview and Level Annotations

Branches:
Dungeon (2/15)

Altars:


Innate Abilities, Weirdness & Mutations

You have sharp fingernails.


Message History

Done exploring.
There is a dry fountain here.
There is an open door here.
There is a stone staircase leading down here.
You climb downwards.
The endoplasm quivers.
There is a stone staircase leading up here.
As you read the scroll labelled YFFIENOIFI, it crumbles to dust.
The creatures around you are filled with an inner flame!
It was a scroll of immolation.
The adder barely misses you. The adder bites you but does no damage.
There is a stone staircase leading up here.
The adder bites you but does no damage. The adder closely misses you.
You climb upwards.
There is a stone staircase leading down here.
The adder attacks as it pursues you! The adder bites you but does no damage.
The adder attacks as it pursues you! The adder barely misses you.
You block the adder's attack. The adder attacks as it pursues you!
The adder barely misses you. The adder bites you but does no damage.
The adder attacks as it pursues you! The adder closely misses you.
The adder barely misses you. The adder attacks as it pursues you!
You block the adder's attack.
You see here a +0 spear.
The adder attacks as it pursues you! The adder bites you.
You are poisoned.
The adder poisons you!
You feel sick. The adder bites you but does no damage.
You feel sick.
You hit the adder.
Flame seeps out of the adder.
The adder is lightly wounded.
You feel sick.
The adder is engulfed in blazing flames.
Flame seeps out of the adder.
The adder bites you but does no damage.
The adder is engulfed in blazing flames.
The adder explodes!
The fiery explosion engulfs you!!
Ouch! That really hurt!
You die...

.............................####
#........⌠.........⌠........#####
##...⌠....(............⌠...##....
####......)...⌠..........#######.
...#####..........(.)##### #.
#### #.################.# #.
######..# #..######.########.
........# #.§#§.........>.##.
######.## #.@○§.)............ #
#.# ##§#§####.###...##. # #.#
##.#.# #.......... # #.# #..#.##
######.#### # #.## #.##..# #.# #
#..# #.###.# #.# # ##.# #.# #.#
#.# # #.# #.# #.# #.# # #.# #.#
#.# #.##


There were no monsters in sight!

Vanquished Creatures
  An adder (D:1)
  A dart slug (D:1)
  2 ball pythons (D:1)
  2 endoplasms (D:1)
  A goblin (D:1)
  2 hobgoblins (D:1)
  3 jackals (D:1)
  A quokka (D:1)
  3 bats (D:1)
  A frilled lizard (D:1)
  A kobold (D:1)
  4 rats (D:1)
22 creatures vanquished.

Notes
Turn   | Place    | Note
-------+----------+-------------------------------------------
     0 | D:1      | lonewolfV2 the Demonspawn Fighter began the quest for the
                  | Orb.
     0 | D:1      | Reached XP level 1. HP: 18/18 MP: 1/1
   206 | D:1      | Gained mutation: You have sharp fingernails. [demonic
                  | ancestry]
   206 | D:1      | Reached XP level 2. HP: 22/24 MP: 2/2
   902 | D:1      | Killed by an exploding adder... ignited by their inner
                  | flame

Illustrated notes

Levels and vault maps discovered:
D:1:      dpeg_arrival_water_temple_mockup, layout_loops_ring,
          dreamdust_princess_bridge
D:2:      layout_rooms, hangedman_decor_clover_reticule

Skill      XL: |  1  2 |
---------------+-------+-----
Axes           | 2 |  2.2
Fighting       | |  3.3
Armour         | |  2.9
Dodging        | |  0.1
Shields        | |  2.9

Action                     || total
---------------------------++-------
  Melee: War axe           ||    62
    Use: Scroll            ||     1
 Armour: Scale mail        ||    67
  Dodge: Dodged            ||    39
  Block: Buckler           ||    18

Table legend: (Time is in decaauts)
 A = Elapsed time spent in this place.
 B = Non-inter-level travel time spent in this place.
 C = Inter-level travel time spent in this place.
 D = Time resting spent in this place.
 E = Time spent auto-exploring this place.
 F = Levels seen in this place.
 G = Mean time per level.
                   A        B        C        D        E       F      G
               +--------+--------+--------+--------+--------+-----+--------+
         Total |    929 |    849 |     80 |      0 |    662 |   2 |  464.5 |
       Dungeon |    929 |    849 |     80 |      0 |    662 |   2 |  464.5 |
               +--------+--------+--------+--------+--------+-----+--------+

Top non-repeatable levels by time:
     D:1: 924 daAuts
     D:2: 4 daAuts
